 Dungeon Crawl Stone Soup version 0.22-a0-147-gfdd7f25 (webtiles) character file.

165 KristoblXynda the Slasher (level 5, -3/61 HPs)
             Began as a Draconian Gladiator on Feb 6, 2018.
             Was an Initiate of Gozag.
             Slain by an iguana (8 damage)
             ... on level 3 of the Dungeon.
             The game lasted 00:03:44 (2102 turns).

KristoblXynda the Slasher (Draconian Gladiator)     Turns: 2102, Time: 00:03:44

Health: -3/61      AC: 22    Str: 16    XL:     5   Next: 22%
Magic:  5/5        EV:  2    Int:  9    God:    Gozag
Gold:   391        SH:  0    Dex: 13    Spells: 4/4 levels left

rFire    + . .     SeeInvis .   a - +0 long sword
rCold    + . .     Gourm    .   (no shield)
rNeg     + + +     Faith    .   (armour unavailable)
rPois    +         Spirit   .   (helmet currently unavailable)
rElec    +         Reflect  .   (cloak currently unavailable)
rCorr    +         Harm     .   (gloves currently unavailable)
MR       .....     NoTele   +   (boots currently unavailable)
Stlth    +.........             f - amulet of inaccuracy (curse)
HPRegen  0.20/turn              n - ring of resist corrosion
MPRegen  0.09/turn              (no ring)

@: tree-form, resistant
A: unfitting armour, AC +5
a: Potion Petition, Call Merchant, Bribe Branch, Renounce Religion


You were on level 3 of the Dungeon.
You worshipped Gozag.
Gozag was aware of your devotion.
You were not hungry.
You were a tree.
You visited 1 branch of the dungeon, and saw 3 of its levels.

You collected 414 gold pieces.
You paid 23 gold pieces to Gozag.

Inventory:

Hand Weapons
 a - a +0 long sword (weapon)
Missiles
 c - 3 throwing nets (quivered)
Armour
 b - a +0 hat (melded)
 k - a +0 cloak
 l - a scarf of resistance (melded)
Jewellery
 f - a cursed amulet of inaccuracy (around neck)
 n - a ring of resist corrosion (left branch)
Scrolls
 i - a scroll of amnesia
 o - a scroll of fog {unknown}
 p - a scroll of magic mapping
Potions
 g - 2 potions of flight
 h - a potion of berserk rage
 j - a potion of invisibility
Comestibles
 d - 4 rations


   Skills:
 - Level 2.1 Fighting
 * Level 4.4 Long Blades
 - Level 3.0 Throwing
 + Level 3.7 Dodging


You had 4 spell levels left.
You didn't know any spells.

Dungeon Overview and Level Annotations

Branches:
Dungeon (3/15)

Altars:
Gozag
Nemelex Xobeh
Trog

Annotations:
D:2 Sigmund


Innate Abilities, Weirdness & Mutations

((Your plain brown scales are hard. (AC +5)))
You cannot fit into any form of body armour.
((You are cold-blooded and may be slowed by cold attacks.))


Message History

* * * LOW HITPOINT WARNING * * *
You closely miss the iguana.
The iguana is heavily wounded.
The iguana closely misses you.
The iguana is distracted by the nearby gold.
The iguana is no longer distracted by gold.
It was a potion of resistance.
You feel protected.
It was a potion of lignification.
You turn into a tree.
Your scarf of resistance melds into your body.
Your +0 hat melds into your body.
You feel hot and cold all over.
Your roots penetrate the ground.
The iguana barely misses you.
You miss the iguana.
The iguana is heavily wounded.
The iguana bites you but does no damage. x2
You barely miss the iguana.
The iguana is heavily wounded.
The iguana bites you!
You die...
Your body crumbles into a pile of gold.

########..##.##
#........##...##
#.......##..(..##
#.......#.......###
#.......(..._.....#
#.......#.......#.#
#..(.$..##.....##.#
#....l...##...###.#
#...♣.....##.###..###
#..>.................
$
#..........##########
###.######## ##### $
.. ..... .## ##### #.
# # # .............##


You could see an iguana.

Vanquished Creatures
  A scorpion (D:2)
  Jessica (D:3)
  A gnoll (D:1)
  3 adders
  2 dart slugs
  An orc (D:3)
  2 giant cockroaches
  2 goblins
  2 hobgoblins (D:1)
  10 jackals
  5 kobolds
  2 quokkas (D:2)
  5 bats
  5 frilled lizards
  8 rats
50 creatures vanquished.

Notes
Turn   | Place    | Note
-------+----------+-------------------------------------------
     0 | D:1      | KristoblXynda the Draconian Gladiator began the quest for the Orb.
     0 | D:1      | Reached XP level 1. HP: 17/17 MP: 1/1
    78 | D:1      | Reached XP level 2. HP: 15/24 MP: 2/2
   163 | D:1      | Found an opulent altar of Gozag.
   209 | D:1      | Became a worshipper of Gozag Ym Sagoz the Greedy
   554 | D:2      | Noticed a scorpion
   565 | D:2      | Killed a scorpion
   565 | D:2      | Reached XP level 3. HP: 29/29 MP: 3/3
   565 | D:2      | Reached XP level 4. HP: 36/36 MP: 4/4
   936 | D:2      | Noticed Sigmund
  1230 | D:2      | Found a bloodstained altar of Trog.
  1355 | D:2      | Reached skill level 4 in Long Blades
  1868 | D:3      | Reached XP level 5. HP: 24/41 MP: 5/5
  2009 | D:3      | Noticed Jessica
  2012 | D:3      | Killed Jessica
  2073 | D:3      | Found a sparkling altar of Nemelex Xobeh.
  2102 | D:3      | Slain by an iguana

Vault maps used:
D:1:      saegor_arrival_miasma, kennysheep_flooded_box
D:2:      trog_butcher_becter, uniq_sigmund
D:3:      lemuel_round_altar, first_ration, uniq_jessica

Skill      XL: |  1  2  3  4 |
---------------+-------------+-----
Throwing       | 2 3 |  3.0
Dodging        | 3 |  3.7
Long Blades    | 4 |  4.4
Fighting       | |  2.1

Action                   |  1- 3 |  4- 6 || total
-------------------------+-------+-------++-------
Melee: Long sword        |    35 |   130 ||   165
       Tailslap          |     4 |    17 ||    21
  Use: Scroll            |     2 |     5 ||     7
       Potion            |     1 |     2 ||     3
 Stab: Sleeping          |     1 |       ||     1
  Eat: Ration            |       |     2 ||     2
Armor: Skin              |    12 |    62 ||    74
Dodge: Dodged            |    32 |   136 ||   168
       Rpst.: Long sword |    11 |    40 ||    51

Table legend:
 A = Spawn XP
 B = Non-spawn XP
 C = Spawn XP percentage of total XP
 D = Spawn monster count
 E = Non-spawn monster count
 F = Spawn count percentage of total count
 G = Total turns spent on level
                    A         B        C        D         E        F      G
               +---------+---------+-------+---------+---------+-------+---------
         Total |       0 |     237 |   0.0 |       0 |      50 |   0.0 |  2102
               +---------+---------+-------+---------+---------+-------+---------
           D:1 |       0 |      36 |   0.0 |       0 |      15 |   0.0 |   645
           D:2 |       0 |     128 |   0.0 |       0 |      21 |   0.0 |   883
           D:3 |       0 |      73 |   0.0 |       0 |      14 |   0.0 |   574
               +---------+---------+-------+---------+---------+-------+---------
